[Event "1st Bella Italia International 2022"]
[Site "Lignano"]
[Date "2022.08.20"]
[Round "5.2"]
[White "Sonis, Francesco"]
[Black "Karthik Venkataraman"]
[Result "1-0"]
[ECO "E71"]
[WhiteElo "2543"]
[BlackElo "2483"]
[Annotator "TA"]
[PlyCount "107"]
[EventDate "2022.08.18"]
[EventCountry "ITA"]
[SourceTitle "playchess.com"]
[Source "ChessBase"]
[SourceQuality "1"]
[TimeControl "5400+30"]

1. c4 Nf6 2. Nc3 g6 3. e4 d6 4. d4 Bg7 5. h3 e5 6. d5 {[%emt 0:00:24] E71: King's Indian: 4 e4 d6 5 h3.} a5 7. Be3 Na6 8. g4 {[%emt 0:06:27] White is slightly better.} Nc5 9. Bg2 c6 10. Nge2 cxd5 {[%emt 0:03:01] [#]} 11. cxd5 $146 ({Predecessor:} 11. exd5 h5 12. g5 Nh7 13. h4 b6 14. Ng3 Bg4 15. Qc2 O-O 16. Nce4 Rc8 17. Nxc5 bxc5 {1-0 (39) Erigaisi,A (2567)-Nenezic,M (2531) Belgrade 2021}) 11... Bd7 12. a4 {[%emt 0:05:39] Prevents b5.} h6 13. O-O Rc8 14. Nc1 O-O (14... h5 $1 $11 15. g5 Nh7) 15. Nd3 b6 16. b4 axb4 17. Nxb4 Qc7 18. Qb1 Ra8 19. Rc1 Qb7 20. Bf1 Ra5 21. Bxc5 (21. f3 $16) 21... bxc5 $11 22. Nc6 Bxc6 23. dxc6 Qxc6 24. Bb5 Qc8 25. Qd3 Qd8 26. Rd1 Nh7 27. Qxd6 Qh4 28. Qd3 Ng5 29. Kg2 Ne6 30. Qg3 Qe7 (30... Qxg3+ $11 {remains equal.} 31. fxg3 Nd4) 31. Rd7 $1 $16 Qg5 32. h4 {[%emt 0:01:19] White is more active.} Nf4+ (32... Qf4 $16 {was called for.}) 33. Kh2 $18 Qf6 34. Rad1 (34. Bc4 $1 $18) 34... Qe6 (34... Qb6 $16) 35. R1d6 $36 {[%emt 0:01:10][%mdl 2048] White is in control.} Qb3 36. Nd5 {[%emt 0:00:26] Inhibits Qb4.} Qc2 {[%emt 0:01:58] [#]} 37. Qf3 ({Resist} 37. Nxf4 exf4 38. Qf3 (38. Qxf4 Rxb5 39. axb5 Be5 $11) 38... c4 $16) (37. Ne7+ $1 $18 Kh8 38. Qe3) 37... Qc1 $2 (37... Ne6 $16 {might work better.}) 38. Ne7+ Kh7 39. Rd1 (39. h5 $142) 39... Qb2 40. R7d2 Qb4 {[%emt 0:00:25] Black cannot hold the game after this.} (40... Rxb5 $16 {is more resistant.} 41. Rxb2 (41. axb5 Qxb5 42. Nd5 Ne6 $16) 41... Rxb2) 41. Nc6 $1 Rxb5 42. Nxb4 Rxb4 43. Ra1 Ra8 44. a5 Bf6 45. a6 Kg7 46. Qc3 Ne6 47. Rb2 Rxe4 48. Qf3 Rf4 49. Qxa8 e4 50. Qb8 {[%emt 0:01:07] White wants to mate with a7.} Rxg4 51. a7 Rxh4+ 52. Kg2 (52. Kg1 $142 h5 {[#]} 53. a8=Q $1 Kh6 54. Rb7 Rg4+ 55. Kf1 Ng5 56. Rc1 Ne6 57. Rxf7) 52... Nf4+ {[%emt 0:00:27] [#]} 53. Qxf4 $3 Rxf4 54. Rba2 {[%emt 0:00:01] Weighted Error Value: White=0.18 (very precise) /Black=0.53} 1-0

[Event "1st Bella Italia International 2022"]
[Site "Lignano"]
[Date "2022.08.20"]
[Round "5.3"]
[White "Ghosh, Diptayan"]
[Black "Bommini Mounika Akshaya"]
[Result "1-0"]
[ECO "D45"]
[WhiteElo "2538"]
[BlackElo "2107"]
[Annotator "TA"]
[PlyCount "114"]
[EventDate "2022.08.18"]
[EventCountry "ITA"]
[SourceTitle "playchess.com"]
[Source "ChessBase"]
[SourceQuality "1"]
[TimeControl "5400+30"]

1. Nf3 {[%emt 0:01:17] RR} d5 2. e3 Nf6 3. c4 e6 4. b3 Bd6 5. Bb2 O-O 6. Nc3 c6 7. d4 Nbd7 8. Be2 b6 9. O-O Bb7 10. Qc2 Qe7 11. Rad1 Rad8 12. Rfe1 Rfe8 13. e4 {[%emt 0:07:10] D45: Semi-Slav: 5 e3.} dxe4 14. Nxe4 Nxe4 15. Qxe4 {[%emt 0:00:14] The position is equal.} Nf6 16. Qc2 Bb4 17. Rf1 Ba3 18. Ne5 Bxb2 19. Qxb2 c5 {[%emt 0:00:41] [#]} 20. Bf3 $146 ({Predecessor:} 20. dxc5 Qxc5 21. b4 Qc7 {½-½ (21) Wagner,D (2523)-Bluebaum,M (2571) Cappelle la Grande 2015 EXT 2016 [RR]}) 20... Bxf3 21. Nxf3 cxd4 22. Nxd4 Qc5 {[%emt 0:00:56] Against Nc6} 23. Rfe1 Rd7 {[%emt 0:01:57] Threatens to win with ...Red8.} 24. Nf3 Red8 25. Rxd7 Rxd7 26. Ne5 Qb4 27. Qc1 Rd6 28. Nf3 h6 29. g3 Rd3 30. Kg2 Qd6 31. Qc2 Nd7 32. Qe2 Nc5 33. b4 Nd7 34. Kg1 f6 35. Rc1 Kf7 36. h4 a5 37. c5 bxc5 38. bxc5 Qd5 39. Ne1 ({Much weaker is} 39. c6 Qxf3 40. Qxf3 Rxf3 $17) 39... Rd2 40. Qe3 $36 {[%emt 0:00:05][%mdl 2048] Black must now prevent c6. White fights for an advantage.} Ne5 (40... Qd4 $11) 41. c6 $1 $18 {[%emt 0:02:37] Strongly threatening c7.} Ng4 {[%emt 0:00:16] [#]} (41... Nxc6 $2 42. Rxc6 $1 Rd1 43. Rc7+ Kg6 44. Re7 $18) 42. Qc5 (42. Qa7+ $142 $1 Kg6 43. Qc5 Nxf2 44. Qxd5 Nh3+ 45. Kh1 Nf2+ 46. Kg1 Nh3+ 47. Kh1 Nf2+ 48. Kg2 exd5 49. c7 Ne4+ 50. Kf3) 42... Nxf2 $16 43. Qxd5 {[%emt 0:00:39] Chess con chili.} Nh3+ 44. Kh1 Nf2+ 45. Kg2 exd5 {[%emt 0:00:06][%mdl 4096] Endgame KRN-KRN} 46. c7 Ne4+ (46... Nd3+ $2 47. Kf3 (47. Kg1 Nxe1 48. c8=Q Nf3+ 49. Kf1 Nh2+ 50. Kg1 Nf3+ 51. Kf1 Nh2+ 52. Kg1 Nf3+ $11) 47... Nxc1 48. c8=Q $18) 47. Kf3 Nd6 48. c8=Q Nxc8 49. Rxc8 Rxa2 {[%emt 0:00:04] KRN-KR} 50. Nc2 {[%emt 0:00:06] Prevents Ra3+.} (50. Rc7+ $16 Kf8 51. Nd3) 50... g5 (50... h5 $11) 51. h5 $14 f5 $1 52. Rc6 Rb2 $2 (52... a4 $14) 53. Nd4 $18 g4+ 54. Ke3 Rh2 $2 (54... Rb4 55. Nxf5 Re4+ 56. Kd3 Re5 57. Nxh6+ Kf8 58. Nxg4 Rxh5) 55. Rxh6 {[%emt 0:00:15] White is clearly winning.} a4 56. Nxf5 a3 57. Ra6 {[%emt 0:00:09] And now h6 would win.} Rxh5 {[%emt 0:01:47] Weighted Error Value: White=0.14 (very precise) /Black=0.30} 1-0

[Event "1st Bella Italia International 2022"]
[Site "Lignano"]
[Date "2022.08.20"]
[Round "5.4"]
[White "Loiacono, Leonardo"]
[Black "Jonkman, Harmen"]
[Result "1/2-1/2"]
[ECO "A07"]
[WhiteElo "2291"]
[BlackElo "2373"]
[Annotator "TA"]
[PlyCount "73"]
[EventDate "2022.08.18"]
[EventCountry "ITA"]
[SourceTitle "playchess.com"]
[Source "ChessBase"]
[SourceQuality "1"]
[TimeControl "5400+30"]

1. Nf3 d5 2. g3 Bg4 3. Bg2 Nd7 4. c4 dxc4 5. Na3 c6 6. Nxc4 {[%emt 0:00:16] A07: Réti Opening: New York and Capablanca Systems.} g6 7. O-O Bg7 8. d3 {[%emt 0:00:26] White is better.} Ngf6 {[%emt 0:01:54] [#]} 9. Bd2 $146 ({Predecessor:} 9. h3 Be6 10. Ncd2 Nb6 11. Ng5 Qc8 12. Nxe6 Qxe6 13. Nf3 O-O 14. Qc2 Nfd5 15. a3 {½-½ (71) Lauterbach,I (2075)-Kryger,O (2213) London 2011}) 9... Nd5 10. Qc1 O-O 11. Bh6 a5 12. Bxg7 Kxg7 13. Re1 Bxf3 14. Bxf3 e5 15. b3 Nc7 16. Qb2 Qf6 17. Bg4 Ne6 18. Bxe6 Qxe6 19. d4 f6 20. dxe5 (20. Red1 {feels hotter.} a4 21. Rac1 axb3 22. Qxb3 Ra7 23. a4) 20... Nxe5 21. Nxe5 Qxe5 (21... fxe5 {with more complications.} 22. Rad1 Rad8 23. Rd2 Qf6) 22. Qxe5 fxe5 $14 {[%emt 0:00:01][%mdl 4096] Endgame KRR-KRR} 23. Red1 Rfd8 {[%emt 0:00:19] Against Rd7+} 24. f4 Kf6 25. Kf2 h5 26. Kf3 Ke6 27. Ke4 Rd5 28. Rac1 Rad8 29. Rxd5 Rxd5 $11 {[%emt 0:00:08] KR-KR} 30. Rc2 {[%emt 0:01:29] Against Rd2} a4 31. e3 axb3 32. axb3 {[%emt 0:00:05] The position is equal.} Rb5 33. Rc3 Rb4+ 34. Kf3 Kd5 35. Rd3+ Ke6 {[%emt 0:00:01] [#] Strongly threatening ...e4+.} 36. Rc3 Kd5 37. Rd3+ {[%emt 0:00:04] Weighted Error Value: White=0.08 (flawless) /Black=0.06 (flawless)} 1/2-1/2

[Event "1st Bella Italia International 2022"]
[Site "Lignano"]
[Date "2022.08.20"]
[Round "5.5"]
[White "Urbani, Gabriel"]
[Black "Lumachi, Gabriele"]
[Result "0-1"]
[ECO "C42"]
[WhiteElo "2046"]
[BlackElo "2355"]
[Annotator "TA"]
[PlyCount "76"]
[EventDate "2022.08.18"]
[EventCountry "ITA"]
[SourceTitle "playchess.com"]
[Source "ChessBase"]
[SourceQuality "1"]
[TimeControl "5400+30"]

1. e4 e5 2. Nf3 Nf6 3. Nxe5 d6 4. Nf3 Nxe4 5. Nc3 Nxc3 6. dxc3 Be7 7. Bd3 Nd7 8. Be3 {[%emt 0:00:52] C42: Petroff Defence: 3 Nxe5 and unusual White 3rd moves.} O-O 9. Qd2 Nf6 10. h3 {[%emt 0:04:34] The position is equal.} c5 {[%emt 0:03:09] [#]} 11. c4 $146 ({Predecessor:} 11. O-O d5 12. Rad1 b6 13. Qe2 Qc7 14. Ba6 Be6 15. Ng5 Bd6 16. b3 Rae8 17. Bb5 {½-½ (83) Heredia Serrano,C (2090)-Smith,O (2038) Chennai 2022}) 11... Bd7 12. O-O-O Bc6 13. Rhe1 Re8 14. Bf4 a6 15. Ng5 b5 16. Be4 Qb6 (16... Qd7 $5 ) 17. Bxd6 {[%emt 0:24:13] [#]} (17. Bd5 $11 Bxd5 18. cxd5) 17... Rad8 $1 $17 18. Qf4 h6 $2 (18... Rxd6 $17 19. Rxd6 Bxd6 20. Qxd6 Nxe4 21. Nxe4 (21. Rxe4 $2 Rd8 $17) 21... Qb7) 19. Bc7 $36 {[%emt 0:03:02][%mdl 2048] Black is under pressure.} ({Much weaker is} 19. Bxc6 hxg5 20. Qf3 (20. Qxg5 $2 Qxc6 21. cxb5 axb5 $19) 20... Bxd6 $11) 19... Rxd1+ 20. Kxd1 (20. Rxd1 $14 Qb7 21. Bxc6 Qxc6 22. Nf3) 20... Qb7 $1 $11 21. Bxc6 $1 Qxc6 22. Nf3 bxc4 {[%emt 0:01:27] And now ...g5 would win.} 23. Be5 $1 Rd8+ (23... Qa4 $11) 24. Kc1 $14 Qa4 25. Kb1 (25. a3 $14) 25... Nd5 $11 26. Qc1 (26. b3 $11 {keeps the balance.} Nxf4 27. bxa4) 26... c3 $17 {[%emt 0:01:07] aiming for ...cxb2. Black is more active.} ({Of course not} 26... Nb4 27. a3 Nd5 28. c3 $11) 27. Bxc3 {[%emt 0:01:41][%mdl 8192] Loses the game.} (27. b3 $17 Qb4 28. Bg3) 27... Nxc3+ $19 28. bxc3 Rb8+ 29. Ka1 {[%emt 0:00:03] [#]} Qa5 $1 30. Qd2 (30. Re3 c4) 30... Bf6 31. Ne5 Qa3 (31... Bxe5 $142 32. Rxe5 Qa3 33. Re8+ Rxe8) 32. Rb1 Rxb1+ ({Stronger than} 32... Bxe5 33. Rxb8+ Bxb8 34. Qd8+ Kh7 35. Qxb8 $17) 33. Kxb1 Bxe5 34. Qd8+ Kh7 35. Qd3+ g6 36. Qd5 Qxc3 {[%emt 0:00:07][%csl Ge5][%cal Rc3a1] Black mates.} 37. Qxf7+ Bg7 38. Kc1 Qe1# {[%emt 0:00:06] Weighted Error Value: White=0.87/Black=0.27 (precise)} 0-1

[Event "1st Bella Italia International 2022"]
[Site "Lignano"]
[Date "2022.08.20"]
[Round "5.6"]
[White "Tencati, Giuseppe"]
[Black "Das, Sayantan"]
[Result "0-1"]
[ECO "C04"]
[WhiteElo "2055"]
[BlackElo "2449"]
[Annotator "TA"]
[PlyCount "96"]
[EventDate "2022.08.18"]
[EventCountry "ITA"]
[SourceTitle "playchess.com"]
[Source "ChessBase"]
[SourceQuality "1"]
[TimeControl "5400+30"]

1. e4 e6 2. d4 d5 3. Nd2 Nc6 4. Ngf3 Nf6 5. e5 Nd7 6. Nb3 a5 7. a4 b6 8. Bb5 Bb7 {[%emt 0:05:16] [#] C04: French Tarrasch: 3...Nc6.} 9. Bg5 $146 ({Predecessor:} 9. O-O Be7 10. Re1 O-O 11. Bf4 Na7 12. Bf1 c5 13. c3 Nc6 14. Bb5 Na7 15. Bf1 Nc6 16. Bb5 {0-1 (60) Gavrilescu,D (2213)-Yemelin,V (2574) Arad 2015}) 9... Be7 10. Bxe7 Nxe7 {[%emt 0:04:44] The position is equal.} 11. Qe2 c6 12. Bd3 c5 13. Bb5 Nc6 14. c3 O-O 15. O-O c4 16. Nbd2 Na7 17. Bxd7 Qxd7 18. Rfb1 Bc6 19. Qd1 b5 20. b3 Qc7 21. Qc2 h6 22. Ne1 Rfb8 23. f4 {[%emt 0:01:13] [#]} (23. axb5 $11 cxb3 24. Nxb3 Rxb5 25. Nc5) 23... Nc8 ({Much worse is} 23... cxb3 $6 24. Nxb3 bxa4 25. Nc5 $15) ({Black should play} 23... bxa4 $1 $17 24. bxc4 dxc4) 24. axb5 $11 cxb3 25. Nxb3 Bxb5 26. Nc5 {[%emt 0:00:21] Against a4} Ne7 27. g4 Qc8 28. Ng2 Ng6 29. Qf2 Nf8 30. f5 exf5 31. gxf5 {[%emt 0:00:26] [#] Threatens to win with Ne3.} Nd7 32. e6 Nxc5 33. exf7+ Kxf7 34. dxc5 Bd3 35. Rd1 Be4 {[%emt 0:01:14] And now ...a4 would win.} 36. c4 (36. Nf4 $1 $11 {keeps the balance.}) 36... dxc4 $17 {[%emt 0:01:00] ...c3 is the strong threat.} 37. Qd4 Bxf5 38. Qxc4+ Be6 39. Rf1+ $2 {[%emt 0:00:41] Now White is beyond hope.} (39. Qc3 $17 {was called for.}) 39... Kg8 $1 $19 40. Qd4 Rb4 41. Qe3 Rg4 {[%emt 0:00:38] Strongly threatening ...Bd5.} 42. Rf4 (42. Rad1 $142 Bc4 43. Rf2) 42... Rg5 43. h4 Rxc5 44. Re1 Bc4 {[%emt 0:02:26] Hoping for ...a4.} 45. Qe7 Rf5 46. Rd4 Qc5 47. Qe3 Raf8 {[%emt 0:01:35] White must now prevent ...Qc7.} 48. Kh2 (48. Rg4 $142) 48... Qc7+ {[%emt 0:00:15] Weighted Error Value: White=0.42/Black=0.24 (precise)} 0-1

[Event "1st Bella Italia International 2022"]
[Site "Lignano"]
[Date "2022.08.20"]
[Round "5.7"]
[White "Zeller, Frank"]
[Black "Micottis, Dorian"]
[Result "1-0"]
[ECO "E69"]
[WhiteElo "2356"]
[BlackElo "2263"]
[Annotator "TA"]
[PlyCount "129"]
[EventDate "2022.08.18"]
[EventCountry "ITA"]
[SourceTitle "playchess.com"]
[Source "ChessBase"]
[SourceQuality "1"]
[TimeControl "5400+30"]

1. Nf3 Nf6 2. c4 g6 3. Nc3 Bg7 4. e4 e5 5. g3 O-O 6. Bg2 d6 7. h3 c6 8. O-O Nbd7 9. d4 exd4 10. Nxd4 Nc5 11. Re1 a5 12. Bf4 Nh5 13. Be3 Re8 14. Qc2 Nf6 15. Rad1 {[%emt 0:00:31][%cal Od4c6] Black must now prevent Nxc6! E69: King's Indian: Fianchetto: 6...Nbd7 7 0-0 e5 8 e4 c6 9 h3.} Qe7 16. Bg5 {[%emt 0:03:24] [#]} (16. b3 $16) 16... Qc7 $146 ({Predecessor:} 16... h6 17. Bf4 g5 18. Nxc6 bxc6 19. Bxd6 Qa7 20. e5 Nh7 21. Bxc6 Bxh3 22. Bxa8 Qxa8 23. Nd5 Nd7 24. Kh2 g4 {1-0 (40) Ferrara,A (2230)-Ramela,L Posadas 2005}) 17. Ndb5 cxb5 $11 18. Nxb5 Qe7 ({Better is} 18... Qb8 $11) 19. Nxd6 $14 {[%emt 0:02:10] Hoping for e5.} Ne6 20. Nxe8 Qxe8 21. Be3 Nd7 22. f4 b6 23. e5 Rb8 24. Bd5 {[%emt 0:00:53] White is much more active.} Bb7 25. a3 Ndc5 26. b4 axb4 27. axb4 Qa4 $2 (27... Na6 $1 $14) 28. Qxa4 $18 Nxa4 {[%emt 0:00:05] Pair of Knights!} 29. Ra1 b5 30. Ba7 Bxd5 31. cxd5 ({Much less strong is} 31. Bxb8 $6 Bxc4 32. Rec1 Nb6) 31... Rb7 (31... Ra8 {is a better defense.} 32. Bf2 (32. dxe6 Rxa7 33. Red1 fxe6 $16) 32... Nf8) 32. Bf2 ({Weaker is} 32. dxe6 Rxa7 33. Red1 (33. exf7+ Kxf7 34. Kg2 Bf8 $14) 33... fxe6 $16) 32... Nc7 33. d6 Ne6 34. Rac1 Bf8 35. Rc8 Kg7 36. Rd1 Nb6 $2 (36... f6 37. exf6+ Kxf6) 37. Re8 Nd7 38. Rc1 f6 39. Rxe6 Kf7 40. Rc7 Kxe6 41. Rxb7 fxe5 42. Rxd7 $2 Kxd7 $16 43. fxe5 $18 {[%emt 0:00:04][%mdl 4096] Endgame KB-KB} Ke6 $2 (43... Bh6 $16 44. Kf1 Bc1) 44. Bd4 Bh6 {[%emt 0:00:12] [#]} 45. Bc3 $1 Be3+ 46. Kg2 h5 47. Kf3 Bb6 48. Ke4 {[%emt 0:00:08] White threatens Bd4 and mate.} Bf2 49. g4 hxg4 50. hxg4 Bg3 51. Bd4 Be1 52. Bc5 Bh4 53. Bb6 Be1 54. Ba5 Bc3 {[%emt 0:01:00] [#]} 55. d7 $1 Kxd7 56. Kd5 Be1 57. Kc5 Bc3 58. Kxb5 {[%emt 0:00:05] Intending Kc5 and mate.} Bxe5 59. Kc5 {[%emt 0:01:08] Threatening mate with b5.} Ke6 60. b5 {[%emt 0:00:05][%cal Bb4b5,Bb5b6,Bb6b7][%mdl 32] White mates.} Bf4 61. Kc6 Be3 62. b6 Ke5 63. b7 Ba7 64. Bb6 Bb8 65. Bc7+ {[%emt 0:02:48] Weighted Error Value: White=0.64/Black=0.33} 1-0

[Event "1st Bella Italia International 2022"]
[Site "Lignano"]
[Date "2022.08.20"]
[Round "5.8"]
[White "Priyanka Nutakki"]
[Black "Lapiccirella, Daniele"]
[Result "1/2-1/2"]
[ECO "D02"]
[WhiteElo "2308"]
[BlackElo "2173"]
[Annotator "TA"]
[PlyCount "56"]
[EventDate "2022.08.18"]
[EventCountry "ITA"]
[SourceTitle "playchess.com"]
[Source "ChessBase"]
[SourceQuality "1"]
[TimeControl "5400+30"]

1. d4 d5 2. Nf3 Nf6 3. Bf4 e6 4. e3 Bd6 5. Bd3 O-O 6. Nbd2 c5 7. c3 Nc6 8. Bg3 b6 9. Qe2 {[%emt 0:00:06] is the new trend. D02: 1 d4 d5 2 Nf3 sidelines, including 2...Nf6 3 g3 and 2...Nf6 3 Bf4.} Bb7 10. Rd1 Be7 {[%emt 0:14:01] [#]} 11. a3 $146 {[%emt 0:03:22] The position is equal.} ({Predecessor:} 11. Ne5 Rc8 12. f4 Ne8 13. h4 f5 14. h5 Nd6 15. h6 g6 16. Ndf3 Ne4 17. Bf2 cxd4 18. exd4 {0-1 (41) Sevian,S (2660)-Firouzja,A (2749) Chess.com INT 2020}) 11... h6 12. dxc5 bxc5 13. e4 Qb6 {[%emt 0:03:23] Threatens to win with ...c4.} 14. e5 (14. Rb1 $11 {should be considered.}) 14... Nd7 (14... Nh5 $17 {Hoping for ...c4.} 15. c4 Rab8) 15. Nf1 (15. c4 $11 {remains equal.}) 15... a5 $17 16. Ne3 Ba6 17. c4 Nd4 18. Qd2 Nxf3+ 19. gxf3 dxc4 20. Nxc4 Bxc4 21. Bxc4 Rad8 {[%emt 0:00:07][%cal Od7e5] aiming for ...Nxe5!} 22. Qe2 Nb8 23. O-O Nc6 24. Qe4 Nd4 25. Bd3 {[%emt 0:03:25] [#]} (25. b3 $142) 25... Nf5 (25... g6 $142 $1 26. Rb1 Qb3) 26. Qe2 Nd4 (26... Rd4 $142) 27. Qe4 {[%emt 0:00:06][%csl Gd3][%cal Re4h7] [#]} Nf5 ({Black should try} 27... g6 $1 28. Rb1 Qb3) 28. Qe2 $1 Nd4 {[%emt 0:00:08] Weighted Error Value: White=0.22 (precise) /Black=0.26 (precise)} (28... Rd4 $17) 1/2-1/2

[Event "1st Bella Italia International 2022"]
[Site "Lignano"]
[Date "2022.08.20"]
[Round "5.9"]
[White "Cappelletto, Joshuaede"]
[Black "Etxagibel Larranaga, Asier"]
[Result "1-0"]
[ECO "B12"]
[WhiteElo "2266"]
[BlackElo "2118"]
[Annotator "TA"]
[PlyCount "61"]
[EventDate "2022.08.18"]
[EventCountry "ITA"]
[SourceTitle "playchess.com"]
[Source "ChessBase"]
[SourceQuality "1"]
[TimeControl "5400+30"]

1. e4 c6 2. d4 d5 3. e5 Bf5 4. h4 h5 5. c4 e6 6. Nc3 Ne7 7. Nge2 $1 {[%emt 0:00:08][%cal Bg1e2,Be2g3,Bg3h5,Bh5f4][%mdl 32] The main line 7.Nge2 scores better than 7.Bg5. B12: Caro-Kann: Advance Variation.} Nd7 8. Ng3 Bg6 9. cxd5 {[%emt 0:00:07] The position is equal.} Nxd5 10. Be2 Be7 11. Nxd5 cxd5 12. Bxh5 Bxh5 13. Nxh5 g6 14. Nf4 Rxh4 15. Rxh4 Bxh4 {[%emt 0:00:03] [#]} 16. Qd3 $146 ({Predecessor:} 16. Qg4 Nf8 17. Bd2 Rc8 18. Ke2 Be7 19. Rh1 Qb6 20. Nd3 Qb5 21. Rh8 Rc2 22. Ke3 {0-1 (32) Korchmar,V (2450)-Dvirnyy,D (2488) Chess.com INT 2021}) 16... Nf8 17. Kf1 Rc8 18. g3 Bg5 19. Kg2 Qb6 {[%emt 0:02:03] [#]} (19... Be7 $14) 20. Nxd5 $1 $16 exd5 21. Bxg5 {[%emt 0:00:07] Strongly threatening Qa3.} Ne6 {[%emt 0:00:07] [#]} 22. Bf6 {[%emt 0:02:59] aiming for Qa3.} Rc4 23. Qa3 Rb4 $2 {[%emt 0:01:18] [#]} (23... Qb4 $16) 24. Rh1 $1 $18 a5 $2 (24... g5 25. Rh8+ Kd7) 25. Rh8+ Kd7 26. b3 $40 {[%emt 0:12:22][%mdl 128] White is out for blood.} (26. Qc3 Qc6 $16) (26. Rh7 $142) 26... Qxd4 27. Qc1 {[%emt 0:01:38][%csl Gh8][%cal Rc1c8] Chess con chili.} (27. Qxa5 Nf4+ 28. Kg1 (28. gxf4 Qe4+ 29. Kh2 Qxf4+ 30. Kg2 Qg4+ 31. Kh2 Qf4+ 32. Kg2 Qg4+ 33. Kh2 Qf4+ $11) 28... Ne2+ 29. Kg2 (29. Kf1 $2 Qd1+ 30. Kg2 Qg1+ 31. Kf3 Nd4+ 32. Kg4 Nc6+ 33. Qxb4 Nxb4 $19) 29... Nf4+ 30. Kg1 (30. gxf4 Qe4+ 31. Kh2 Qxf4+ 32. Kg2 Qg4+ 33. Kh2 Qf4+ 34. Kg2 Qg4+ 35. Kh2 Qf4+ $11) 30... Ne2+ 31. Kg2 (31. Kf1 $2 Qd1+ 32. Kg2 Qg1+ 33. Kf3 Nd4+ 34. Kg4 Nc6+ 35. Qxb4 Nxb4 $19) 31... Nf4+ $11) 27... Qc5 {[%emt 0:01:48] Prevents Qc8+.} 28. Qh6 {[%emt 0:04:14] Threatens to win with Qh7.} Qc2 29. Rh7 (29. Qh7 $18 Nf4+ 30. Kg1 (30. gxf4 Qe4+ 31. Kh2 Qxf4+ 32. Kh1 Qf3+ 33. Kh2 Qf4+ 34. Kh3 Qg4+ 35. Kh2 Qf4+ $11) 30... Qd1+ 31. Kh2 Qh5+ 32. Qxh5 Nxh5 33. Rd8+ Kc7 34. Be7 (34. Rxd5 Nxf6 35. exf6 a4 $11)) 29... Nf4+ $2 30. gxf4 Qe4+ 31. Kh2 {[%emt 0:00:06] Weighted Error Value: White=0.24 (precise) /Black=0.35} 1-0

[Event "1st Bella Italia International 2022"]
[Site "Lignano"]
[Date "2022.08.20"]
[Round "5.10"]
[White "Bettalli, Francesco"]
[Black "Player, Edmund C"]
[Result "0-1"]
[ECO "C01"]
[WhiteElo "2237"]
[BlackElo "2202"]
[Annotator "TA"]
[PlyCount "138"]
[EventDate "2022.08.18"]
[EventCountry "ITA"]
[SourceTitle "playchess.com"]
[Source "ChessBase"]
[SourceQuality "1"]
[TimeControl "5400+30"]

1. e4 e6 2. d4 d5 3. Nc3 Bb4 4. exd5 exd5 5. Bd3 Nf6 6. Nge2 O-O 7. O-O c6 {[%emt 0:04:51] 7...Re8 is the modern continuation.} 8. Ng3 {[%emt 0:00:49] C01: French: Exchange Variation.} Re8 9. h3 {[%emt 0:00:28] [#]} Bf8 $146 ({Predecessor:} 9... Nbd7 10. Qf3 Nf8 11. Nce2 Ng6 12. c3 Be7 13. Nf5 Bxf5 14. Qxf5 Nh4 15. Qf4 Ng6 16. Qf3 Nh4 17. Qf4 Ng6 18. Qf3 Nh4 19. Qf4 {½-½ (19) Krzyzanowski,M (2535)-Sasikiran,K (2635) Prague 2022}) 10. Qf3 {[%emt 0:00:16] The position is equal.} Be6 11. Nce2 Nbd7 12. c3 b5 13. Bg5 Qb6 14. Rac1 a5 15. Nh5 ({Better is} 15. Rce1 $14) 15... Ne4 $11 16. Be3 f5 17. Nhf4 Bf7 18. h4 Ndf6 19. Ng3 g6 20. Bb1 (20. Nh3 $15) 20... Qd8 21. Nh3 Ng4 22. Bg5 Qc7 23. Bf4 Bd6 24. Ne2 Qe7 25. h5 $2 (25. Bxd6 $11 Nxd6 26. Qf4) 25... Bxf4 (25... gxh5 26. Bxd6 Qxd6 27. Qf4 $11) 26. Qxf4 {[%emt 0:01:13] [#]} g5 (26... gxh5 27. f3 $16) 27. Qxf5 Be6 28. Qf3 Rf8 {[%emt 0:00:59][%mdl 1024] Black has strong compensation. Black is much more active.} 29. Qd3 {[%emt 0:01:10] aiming for f3.} Bf5 $40 {[%emt 0:00:45][%mdl 128] Black attacks.} 30. Qd1 $2 (30. Ng3 $11 {and White has nothing to worry.} Qc7 31. f4 (31. Qe2 Nxg3 32. fxg3 Rae8 $17) 31... gxf4 32. Rxf4) 30... Qd6 $19 31. g3 {[%emt 0:02:05] [#]} Ne3 $1 32. fxe3 {[%emt 0:00:17][%cal Oh3g5] Hoping for Nxg5!} Bxh3 33. Rxf8+ Rxf8 34. Bxe4 Rf1+ $2 (34... dxe4 $19 {has better winning chances.} 35. Qb3+ Kg7) 35. Qxf1 $17 Bxf1 36. Bxh7+ (36. Rxf1 $17 dxe4 37. Rf5) 36... Kxh7 $19 37. Rxf1 $17 {[%emt 0:00:07][%mdl 4096] Endgame KQ-KRN} Qe6 38. Kf2 Qf5+ 39. Kg2 Qc2 40. Rf2 Qe4+ ({Don't blunder} 40... Qxb2 $2 41. g4) 41. Kf1 Qh1+ ({Not} 41... Qxe3 42. Rf6 $15) 42. Ng1 Qxh5 43. a3 (43. Nf3 $142 Qh1+ 44. Ke2) 43... Qd1+ $19 44. Kg2 Qd3 45. Re2 $2 (45. g4 {is tougher.}) 45... Qe4+ 46. Kf2 g4 {[%emt 0:00:24] Prevents Nf3.} 47. Kf1 Kg7 48. Kf2 (48. Rd2 $142 Qxe3 49. Rf2) 48... Kf6 49. Kf1 Qd3 {[%emt 0:00:56] And now ...Kf5 would win.} 50. Kg2 Kg5 51. Re1 $2 (51. Rf2) 51... Qe4+ 52. Kf1 Kf5 53. Kf2 Qc2+ 54. Re2 Qe4 55. Re1 Qh1 {[%emt 0:00:27] Threatens to win with ...Qh2+.} 56. Kf1 Ke4 57. Re2 Kd3 {[%emt 0:00:39][%cal Oh1g1] White must now prevent ...Qxg1+!} 58. Rf2 Kxe3 59. Re2+ Kd3 {[%emt 0:00:04][%cal Oh1g1] ...Qxg1+! is the strong threat.} 60. Rg2 Kc4 {[%emt 0:01:00] Strongly threatening ...b4.} 61. Re2 b4 62. axb4 axb4 63. Re3 (63. cxb4 $142 Kxd4 64. Re6) 63... bxc3 64. bxc3 Kb3 65. Re6 Kxc3 66. Rxc6+ Kxd4 67. Ra6 Ke4 (67... Ke3 $142 68. Re6+ Kd2 69. Re2+ Kd3 70. Rf2 d4 71. Ra2 Kc3 72. Ra3+ Kb2 73. Rd3 Qe4 74. Rd2+ Kc3 75. Rf2 d3 76. Re2 Qd5 77. Re3 Kc2 78. Kf2 Qc5 79. Ne2 Qa7 80. Ng1 d2 81. Ne2 d1=Q 82. Ng1 Qd2+ 83. Ne2 Qdxe3+ 84. Kg2 Qxe2+ 85. Kh1 Qa1#) 68. Re6+ Kd3 69. Re3+ Kxe3 {[%emt 0:00:27] Weighted Error Value: White=0.63/Black=0.41} 0-1